 Dungeon Crawl Stone Soup version 0.31-a0-971-g75a2e9a4b4 (webtiles) character file.

Game seed: 12332347766142541240

233 mdonais the Slasher (level 6, -1/42 HPs)
             Began as an Octopode Reaver on Oct 28, 2023.
             Killed from afar by an orc wizard (13 damage)
             ... with a puff of flame
             ... on level 4 of the Dungeon.
             The game lasted 00:14:09 (3394 turns).

mdonais the Slasher (Octopode Reaver)               Turns: 3394, Time: 00:14:10

Health: -1/42      AC:  1    Str: 11    XL:     6   Next: 5%
Magic:  9/9        EV: 13    Int: 15    God:
Gold:   56         SH:  0    Dex: 13    Spells: 6/9 levels left

rFire   . . .        a - +0 falchion
rCold   . . .        (no shield)
rNeg    . . .        (helmet restricted)
rPois   .            (no amulet)
rElec   .            j - ring of flight
rCorr   .            (no ring)
SInv    .            (no ring)
Will    .....        (no ring)
Stlth   ++           (no ring)
HPRegen 0.27/turn    (no ring)
MPRegen 0.11/turn    (no ring)
                     (no ring)

%: no passive effects
@: confused, flying
A: almost no armour, amphibious, 8 rings, camouflage 1, gelatinous body 1,
(nimble swimmer 1), tentacles
a: no special abilities


You were on level 4 of the Dungeon.
You visited 1 branch of the dungeon, and saw 4 of its levels.

You collected 200 gold pieces.
You spent 144 gold pieces at shops.

Inventory:

Hand Weapons
 a - a +0 falchion (weapon)
 b - a +4 sling of flaming
   (You found it on level 2 of the Dungeon)
Jewellery
 j - a ring of flight (left tentacle)
   (You found it on level 2 of the Dungeon)
Scrolls
 c - 2 scrolls of vulnerability
 g - 2 scrolls of fear
 i - a scroll of noise
 l - a scroll of revelation
 m - a scroll of brand weapon
 n - a scroll of enchant weapon {unknown}
 B - a scroll of blinking
 T - a scroll of teleportation
Potions
 d - a potion of lignification {unknown}
 e - a potion of resistance {unknown}
 H - a potion of haste


   Skills:
 - Level 3.6 Fighting
 - Level 4.1 Long Blades
 + Level 2.8 Ranged Weapons
 - Level 2.0 Dodging
 - Level 2.0 Spellcasting
 - Level 3.0 Conjurations
 - Level 2.0 Translocations


You had 6 spell levels left.
You knew the following spells:

 Your Spells              Type           Power      Damage    Failure   Level
a - Kiss of Death         Conj/Necr      24%        2d7       12%         1
b - Momentum Strike       Conj/Tloc      18%        3d8       12%         2

Your spell library contained the following spells:

 Spells                   Type           Power      Damage    Failure   Level
 Gell's Gravitas          Tloc           7%         N/A       28%         3
 Teleport Other           Tloc           7%         N/A       28%         3
 Cigotuvi's Dreadful Rot  Necr/Pois/Air  2%         N/A       32%         2
 Ensorcelled Hibernation  Hex/Ice        2%         N/A       32%         2
 Passwall                 Tmut/Erth      0%         N/A       32%         2
 Dazzling Flash           Conj/Hex       12%        N/A       34%         3
 Hailstorm                Conj/Ice       6%         3d4       34%         3
 Volatile Blastmotes      Fire/Tloc      8%         2d10      41%         3
 Ignite Poison            Fire/Tmut/Pois 1%         N/A       54%         3
 Swiftness                Air            1%         N/A       54%         3
 Freezing Cloud           Conj/Ice/Air   2%         6-21      99%         5
 Dispersal                Tloc           3%         N/A       100%        6
 Starburst                Conj/Fire      3%         6d3       100%        6
 Maxwell's Capacitive Co  Air            0%         ∞         100%        8


Dungeon Overview and Level Annotations

Branches:
Dungeon (4/15) Zot: 20589
 Temple: D:4-7

Altars:
Xom
Zin

Shops:
D:2 *   D:3 ?   D:4 *


Innate Abilities, Weirdness & Mutations

You cannot wear most types of armour.
You are amphibious.
You can wear up to eight rings at the same time.
Your skin changes colour to match your surroundings (Stealth+).
Your rubbery body absorbs attacks. (AC +1, EV +1)
((You are camouflaged when in or above water. (Stealth+)))
You have tentacles for arms and can constrict up to eight enemies at once.


Message History

The adder barely misses you.
You take 1 damage, and have 30/36 hp.
You hit the adder. Your grab misses the adder. Your squeeze misses the adder.
The adder is heavily wounded.
You feel sick. The adder closely misses you.
You barely miss the adder. You grab the adder. You squeeze the adder.
The adder is almost dead.
You constrict the adder.
You feel sick. The adder misses you.
You take 1 damage, and have 29/36 hp.
You barely miss the adder. Your squeeze misses the adder.
The adder is almost dead.
You constrict the adder.
You kill the adder!
You feel sick.
You are no longer poisoned.
You take 1 damage, and have 28/36 hp.
No target in view!
Your +4 sling of flaming bursts into flame!
b - a +4 sling of flaming (weapon)
You see here an adder corpse.
Things that are here:
a +0 dagger; a hobgoblin corpse You now have 34 gold pieces (gained 4).
Things that are here:
a +0 dagger; a hobgoblin corpse You see here an adder corpse.
Found a stone staircase leading down.
Health restored: 36
Things that are here:
a +0 mace; an orc corpse Done exploring.
Done exploring.
Done exploring.
Done exploring.
Search for what [Enter for "armor", or ? for help]? .
Search for what [Enter for "."]? .
Things that are here:
a +0 hand axe of electrocution; a +0 leather armour
There is a stone staircase leading down here.
Things that are here:
a +0 spear; a +0 robe; an orc skeleton You fly downwards.
There is a stone staircase leading up here.
An endoplasm comes into view.
Found 15 gold pieces and a smoky ruby potion.
You shoot a sling bullet. The sling bullet hits the endoplasm.
The sling bullet burns the endoplasm.
The endoplasm quivers.
The endoplasm is almost dead.
You shoot a sling bullet. The sling bullet hits the endoplasm!
The sling bullet burns the endoplasm.
You kill the endoplasm!
e - a smoky ruby potion You now have enough gold to buy 2 white potions on D:2.
You can access your shopping list by pressing '$'.
You now have 49 gold pieces (gained 15).
A hound comes into view.
Found a shimmering altar of Xom.
You shoot a sling bullet. The sling bullet hits the hound.
The sling bullet burns the hound.
The hound barks!
The hound is heavily wounded.
You shoot a sling bullet. The sling bullet hits the hound.
The sling bullet burns the hound.
The hound is almost dead.
You shoot a sling bullet. The sling bullet hits the hound.
The sling bullet burns the hound.
You kill the hound!
You have reached level 6!
Health restored: 42; MP restored: 9
Found a whip.
R - a scroll of identify
As you read the scroll of identify, it crumbles to dust.
i - a scroll of noise
c - 2 scrolls of vulnerability (gained 1)
g - 2 scrolls of fear (gained 1)
Found a stone staircase leading down.
Found a chain mail.
You now have enough gold to buy a scroll of fear on D:3.
You can access your shopping list by pressing '$'.
You now have 56 gold pieces (gained 7).
You pick up a book of Burglary and begin reading...
You add the spells Passwall, Ensorcelled Hibernation and Swiftness to your library.
Found Zin's Purification Station.
Found a glowing silver altar of Zin.
There is an entrance to Zin's Purification Station here.
You can access your shopping list by pressing '$'.
An orc comes into view. It is wielding a +0 short sword.
An orc wizard comes into view. It is wielding a +0 dagger.
There are monsters nearby!
You shoot a sling bullet. The sling bullet hits the orc wizard.
The sling bullet burns the orc wizard.
The orc wizard is lightly wounded.
You shoot a sling bullet.
The sling bullet closely misses the orc wizard.
An endoplasm comes into view.
You shoot a sling bullet.
The sling bullet barely misses the endoplasm.
You shoot a sling bullet. The sling bullet hits the endoplasm!
The sling bullet burns the endoplasm.
You kill the endoplasm!
You shoot a sling bullet. The sling bullet hits the orc wizard.
The sling bullet burns the orc wizard.
The orc wizard is moderately wounded.
The orc wizard gestures at you while chanting.
The puff of flame hits you!
You take 8 damage, and have 34/42 hp.
You shoot a sling bullet. The sling bullet hits the orc wizard!
The sling bullet burns the orc wizard.
The orc wizard is almost dead.
The orc wizard mumbles some strange words.
The orc wizard flickers and vanishes!
Deactivating autopickup; reactivate with Ctrl-A.
No target in view!
Okay, then.
Unknown command.
Fire: b) +4 sling (flame)
Press: ? - help, Q - select action, (/) - cycle Shift-Dir - straight line You shoot a sling bullet.
Your +4 sling of flaming stops flaming.
a - a +0 falchion (weapon)
Something hits you.
You take 2 damage, and have 32/42 hp.
You closely miss something. Your squeeze misses something.
Something completely misses you.
You barely miss something. Your squeeze misses something. Something hits you.
You take 1 damage, and have 32/42 hp.
You barely miss something. Your squeeze misses something.
You hear some strange, mumbled words.
You are confused.
You bump into the rock wall.
You hear some strange, mumbled words.
A magic dart appears from out of thin air!
The magic dart hits you!
You take 9 damage, and have 23/42 hp.
MASSIVE DAMAGE!!
You bump into the rock wall.
You hear some strange, mumbled words.
A puff of flame appears from out of thin air!
The puff of flame hits you!
You take 9 damage, and have 14/42 hp.
MASSIVE DAMAGE!!
You barely miss something. Something hits you.
You take 1 damage, and have 13/42 hp.
You bump into the rock wall.
Something hits you.
* * * LOW HITPOINT WARNING * * *
You take 2 damage, and have 11/42 hp.
You're too confused to move!
You hear some strange, mumbled words.
A puff of flame appears from out of thin air!
The puff of flame hits you!
You die...

###...#####
#......#..####
#.#..#.......####
#...###.........#
##..#⌠_..∩......#
#..###.........#
#...#..........#
#..............####
##.##.........@{..#
#.###.......####......
#.##..................
#.##.........#.. ....
####..............##
... [....##.........##
.. ................# .
..#..#.........######.
....##................


There were no monsters in sight!

Vanquished Creatures
  A howler monkey (D:3)
  2 hounds
  2 orc wizards (D:3)
  3 adders
  4 orcs (D:3)
  10 ball pythons
  6 endoplasms
  A giant cockroach (D:1)
  4 goblins
  7 hobgoblins
  5 kobolds
  5 quokkas
  4 bats
  A frilled lizard (D:3)
  5 rats
60 creatures vanquished.

Notes
Turn   | Place    | Note
-------+----------+-------------------------------------------
     0 | D:1      | mdonais the Octopode Reaver began the quest for the Orb.
     0 | D:1      | Reached XP level 1. HP: 14/14 MP: 3/3
   300 | D:1      | Reached XP level 2. HP: 13/20 MP: 5/5
   304 | D:1      | Learned a level 2 spell: Momentum Strike
   662 | D:1      | Found a faded altar of an unknown god.
  1451 | D:2      | Found Ogeuriugh's Assorted Antiques.
  1459 | D:2      | Bought a scroll labelled GYTWAISYONK for 24 gold pieces
  1459 | D:2      | Bought a scroll labelled GYTWAISYONK for 24 gold pieces
  1459 | D:2      | Bought a scroll labelled GYDA QISTRE for 24 gold pieces
  1510 | D:2      | Reached XP level 3. HP: 25/25 MP: 6/6
  1535 | D:2      | Reached skill level 1 in Translocations
  2046 | D:2      | Bought a scroll labelled GYTWAISYONK for 24 gold pieces
  2046 | D:2      | Bought a scroll labelled ZAET FEAXEAL for 24 gold pieces
  2184 | D:3      | Reached XP level 4. HP: 31/31 MP: 7/7
  2204 | D:3      | Reached skill level 4 in Long Blades
  2204 | D:3      | Reached XP level 5. HP: 36/36 MP: 8/8
  2322 | D:3      | Found Gouvomoq's Magic Scroll Emporium.
  2389 | D:2      | Bought a scroll labelled ZENAN YMEME for 24 gold pieces
  2911 | D:3      | Reached skill level 1 in Ranged Weapons
  3292 | D:4      | Found a shimmering altar of Xom.
  3296 | D:4      | Reached XP level 6. HP: 42/42 MP: 9/9
  3347 | D:4      | Found Zin's Purification Station.
  3352 | D:4      | Found a glowing silver altar of Zin.
  3394 | D:4      | Killed from afar by an orc wizard

Illustrated notes

Levels and vault maps discovered:
D:1:      dpeg_arrival_short_road, layout_basic, serial_co_window_serial,
          co_window_paths_a, co_window_of_opportunity_a, co_window_corner_a,
          co_window_paths_b, co_window_corner_a, co_window_corner_a,
          co_window_paths_b, co_window_corner_a, co_window_corner_a,
          co_window_corner_b, co_window_corner_b, co_window_paths_c,
          co_window_4corner_b, hellmonk_ecumenical_altar_lost_god
D:2:      layout_basic, serial_shops, nicolae_shop_statue_plus,
          minmay_misc_feat_plants, minmay_tree_intersection, nrook_campfire
D:3:      layout_loops_ring, serial_bayou, serial_bayou_crossing,
          serial_bayou_shore_b, serial_bayou_pond_c, serial_bayou_lagoon_b,
          serial_bayou_pond_b, serial_shops, nicolae_shop_statue_plus
D:4:      layout_rooms, zin_purify, kennysheep_okawaru_gauntlet,
          lemuel_crystal_altar, minmay_temple_entry_stoned_glass

Skill      XL: |  1  2  3  4  5 |
---------------+----------------+-----
Translocations | 1 2 |  2.0
Fighting       | 3 |  3.6
Long Blades    | 4 |  4.1
Ranged Weapons | 2 |  2.8
Dodging        | |  2.0
Spellcasting   | |  2.0
Conjurations   | |  3.0

Action                     |  1- 3 |  4- 6 || total
---------------------------+-------+-------++-------
  Melee: Falchion          |    44 |    34 ||    78
         Tentacles         |     6 |    12 ||    18
         Constrict         |     8 |    11 ||    19
   Fire: Sling             |    62 |    35 ||    97
    Use: Scroll            |       |     7 ||     7
         Potion            |       |     1 ||     1
 Armour: Skin              |    26 |    21 ||    47
  Dodge: Dodged            |    49 |    18 ||    67

Table legend: (Time is in decaauts)
 A = Elapsed time spent in this place.
 B = Non-inter-level travel time spent in this place.
 C = Inter-level travel time spent in this place.
 D = Time resting spent in this place.
 E = Time spent auto-exploring this place.
 F = Levels seen in this place.
 G = Mean time per level.
                   A        B        C        D        E       F      G
               +--------+--------+--------+--------+--------+-----+--------+
         Total |   3409 |   3132 |    277 |      0 |   2582 |   4 |  852.2 |
       Dungeon |   3409 |   3132 |    277 |      0 |   2582 |   4 |  852.2 |
               +--------+--------+--------+--------+--------+-----+--------+

Top non-repeatable levels by time:
     D:1: 1279 daAuts
     D:3: 1047 daAuts
     D:2: 949 daAuts
     D:4: 133 daAuts
